 Dungeon Crawl Stone Soup version 0.21.0-8-gf18e19db4a (webtiles) character file.

15680 kalstrams the Severer (level 12, -1/107 HPs)
             Began as a Minotaur Fighter on Jan 16, 2018.
             Was a High Priest of Okawaru.
             Slain by a sixfirhy (10 damage)
             ... summoned by an orc sorcerer
             ... on level 2 of the Orcish Mines on Jan 18, 2018.
             The game lasted 00:46:52 (13894 turns).

kalstrams the Severer (Minotaur Fighter)           Turns: 13894, Time: 00:46:53

Health: -1/107     AC: 22    Str: 26    XL:     12   Next: 3%
Magic:  11/11      EV: 10    Int:  5    God:    Okawaru [*****.]
Gold:   405        SH:  0    Dex: 10    Spells: 11/11 levels left

rFire    + + .     SeeInvis .   m - +0 battleaxe (venom)
rCold    + . .     Gourm    +   (shield currently unavailable)
rNeg     . . .     Faith    .   b - +4 plate armour "Efery" {MR++}
rPois    .         Spirit   .   (helmet restricted)
rElec    .         Reflect  .   u - scarf {rC+ rF+}
rCorr    .         Harm     .   L - +1 pair of gloves {archery}
MR       +++..                  j - +0 pair of boots
Stlth    ..........             I - amulet of the gourmand
HPRegen  0.27/turn              p - ring of protection from magic
MPRegen  0.12/turn              y - ring of protection from fire

@: drained
A: retaliatory headbutt, horns 2
a: Heroism, Finesse, Renounce Religion


You were on level 2 of the Orcish Mines.
You worshipped Okawaru.
Okawaru was extremely pleased with you.
You were not hungry.

You visited 3 branches of the dungeon, and saw 13 of its levels.
You also visited: Ossuary.

You collected 1217 gold pieces.
You spent 812 gold pieces at shops.

Inventory:

Hand Weapons
 m - a +0 battleaxe of venom (weapon)
Armour
 b - the +4 plate armour "Efery" (worn) {MR++}
   (You bought it in a shop on level 8 of the Dungeon)

   It affects your resistance to hostile enchantments.
 c - a +0 plate armour
 j - a +0 pair of boots (worn)
 u - a scarf of resistance (worn)
 v - a +1 chain mail
 D - the +1 scale mail of the New World {Str+7}
   (You found it on level 8 of the Dungeon)

   It affects your strength (+7).
 L - a +1 pair of gloves of archery (worn)
Jewellery
 g - an uncursed ring of positive energy
 p - a ring of protection from magic (left hand)
 q - an uncursed ring of flight
 y - a ring of protection from fire (right hand)
 A - a +4 ring of intelligence
 H - an uncursed ring of poison resistance
 I - an amulet of the gourmand (around neck)
Wands
 a - a wand of disintegration (4)
 l - a wand of paralysis (26)
 s - a wand of digging (15)
Scrolls
 h - 2 scrolls of identify
 i - 6 scrolls of teleportation
 n - a scroll of fear
 r - 4 scrolls of remove curse
 B - a scroll of amnesia
 F - 2 scrolls of fog
Potions
 d - 2 potions of ambrosia
 o - a potion of invisibility
 x - 2 potions of curing
 E - a potion of resistance
 G - 4 potions of flight {unknown}
Books
 t - a book of Necromancy

   Spells                             Type                      Level
   a - Pain                           Necromancy                   1
   b - Animate Skeleton               Necromancy                   1
   c - Vampiric Draining              Necromancy                   3
   d - Regeneration                   Charms/Necromancy            3
   e - Animate Dead                   Necromancy                   4
   f - Borgnjor's Vile Clutch         Necromancy/Earth             5
 K - a book of Frost

   Spells                             Type                      Level
   a - Freeze                         Ice                          1
   b - Throw Frost                    Conjuration/Ice              2
   c - Ozocubu's Armour               Charms/Ice                   3
   d - Throw Icicle                   Conjuration/Ice              4
   e - Summon Ice Beast               Ice/Summoning                4
Comestibles
 f - 16 rations


   Skills:
 * Level 10.4(9.7) Fighting
 + Level 16.2(15.4) Axes
 * Level 10.7(10.0) Armour
 * Level 7.2(6.6) Dodging
   Level 3.6(3.0) Shields


You had 11 spell levels left.
You didn't know any spells.

Dungeon Overview and Level Annotations

Branches:
Dungeon (10/15)            Temple (1/1) D:5             Orc (2/2) D:10
    Elf (0/3) Orc:2
   Lair: D:8-11

Altars:
Ashenzari
Cheibriados
Dithmenos
Elyvilon
Fedhas
Gozag
Hepliaklqana
Kikubaaqudgha
Makhleb
Nemelex Xobeh
Okawaru
Qazlal
Ru
Sif Muna
Trog
Uskayaw
Vehumet
Wu Jian
Xom
Yredelemnul
Zin
The Shining One
Beogh

Shops:
D:5 (   D:8 *   Orc:2 ?


Innate Abilities, Weirdness & Mutations

You reflexively headbutt those who attack you in melee.
You have a pair of horns on your head.


Message History

The orc priest looks frightened! x2; The ice devil is unaffected.
The orc wizard mumbles some strange words.
The orc wizard flickers and vanishes!
Deactivating autopickup; reactivate with Ctrl-A.
The orc wizard casts a spell.
The orc wizard flickers and vanishes!
The orc wizard mumbles some strange words.
The orc wizard flickers and vanishes!
The sixfirhy hits you but does no damage.
The sixfirhy hits you!
* * * LOW HITPOINT WARNING * * *
The sixfirhy shocks you!
* * * LOW HITPOINT WARNING * * *
The sixfirhy closely misses you. You furiously retaliate!
You headbutt the sixfirhy.
You see here 8 needles of sleeping.
The sixfirhy hits you!
* * * LOW HITPOINT WARNING * * *
The sixfirhy shocks you!
You die...

#......#.#
####....##.#
.###..####.# .
..#...# #.# ..
.###.## #.#
####... ## ###
#.## ...o.o.
#..## ...o...
#...######4..####
##.....@3)4......
##.....)))oo....
###############
## ###


You could see an ice devil, a sixfirhy, 2 orc sorcerers, a red devil and an orc
priest (fleeing).

Vanquished Creatures
  Erica (D:9)
  4 two-headed ogres
  2 orc knights (Orc:1)
  An orc sorcerer (Orc:1)
  The ghost of tyrsky the Fighter, a novice MiFi (D:7)
  A gargoyle (D:10)
  4 trolls
  A hornet (D:9)
  4 hippogriffs
  4 hogs (D:7)
  A vampire (D:7)
  A human (D:7)
  A hungry ghost (D:10)
  2 sky beasts
  5 ice beasts
  2 black bears
  2 phantoms
  16 orc warriors
  9 ogres
  A necrophage (D:10)
  5 centaurs
  2 big kobolds
  8 bullfrogs
  A water moccasin zombie (D:10)
  A wyvern skeleton (D:10)
  6 wights
  4 killer bees (D:9)
  2 electric eels (D:8)
  2 vampire bats (Orc:1)
  4 howler monkeys
  6 crimson imps
  3 jellies
  A centaur zombie (D:5)
  22 orc priests
  3 bullfrog skeletons
  8 hounds
  2 human zombies (Ossuary)
  23 orc wizards
  2 centaur skeletons
  4 iguanas
  5 worker ants
  A big kobold zombie (Ossuary)
  A hound zombie (D:9)
  6 mummies
  8 adders
  11 gnolls
  2 shadow imps
  An ooze (D:3)
  An adder zombie (D:5)
  3 worms
  A dart slug (D:2)
  5 leopard geckos
  68 orcs
  6 giant cockroaches
  7 goblins
  6 hobgoblins
  8 jackals
  23 kobolds
  3 quokkas
  2 ball pythons
  15 bats
  6 frilled lizards
  2 goblin zombies (Ossuary)
  A hobgoblin zombie (Ossuary)
  A kobold zombie (Ossuary)
  An orc zombie (Ossuary)
  7 rats
373 creatures vanquished.

Vanquished Creatures (others)
  An orc wizard (Orc:2)
  A butterfly (D:5)
2 creatures vanquished.

Grand Total: 375 creatures vanquished

Notes
Turn   | Place    | Note
-------+----------+-------------------------------------------
     0 | D:1      | kalstrams the Minotaur Fighter began the quest for the Orb.
     0 | D:1      | Reached XP level 1. HP: 19/19 MP: 0/0
   127 | D:1      | Reached skill level 3 in Axes
   169 | D:1      | Reached XP level 2. HP: 24/26 MP: 1/1
   388 | D:1      | Reached skill level 4 in Axes
   733 | D:2      | Reached XP level 3. HP: 25/31 MP: 2/2
   812 | D:2      | Reached skill level 5 in Axes
   825 | D:2      | Reached XP level 4. HP: 10/39 MP: 3/3
  1084 | D:2      | Reached skill level 1 in Dodging
  1890 | D:3      | Reached skill level 6 in Axes
  1890 | D:3      | Reached XP level 5. HP: 44/45 MP: 4/4
  2236 | D:3      | Upgraded the game from 0.21.0-3-g78d12a8bdd to 0.21.0-8-gf18e19db4a
  2327 | D:3      | Reached skill level 7 in Axes
  2412 | D:3      | Reached XP level 6. HP: 33/51 MP: 5/5
  3024 | D:4      | Reached skill level 8 in Axes
  3940 | D:5      | Entered Level 5 of the Dungeon
  3948 | D:5      | Reached XP level 7. HP: 46/57 MP: 6/6
  4068 | D:5      | Reached skill level 9 in Axes
  4083 | D:5      | Found a stormy altar of Qazlal.
  4255 | D:5      | Reached skill level 10 in Axes
  4257 | D:5      | Found Gazag's Weapon Shop.
  4516 | D:5      | Found a staircase to the Ecumenical Temple.
  4531 | D:5      | Found a sand-covered staircase.
  4538 | Ossuary  | Entered an ossuary
  4695 | Ossuary  | Reached XP level 8. HP: 64/64 MP: 7/7
  4702 | Ossuary  | Reached skill level 11 in Axes
  4751 | Temple   | Entered the Ecumenical Temple
  5668 | D:6      | Reached skill level 12 in Axes
  5983 | D:6      | Noticed a two-headed ogre
  5989 | D:6      | Killed a two-headed ogre
  5989 | D:6      | Reached skill level 13 in Axes
  5989 | D:6      | Reached skill level 5 in Armour
  5989 | D:6      | Reached XP level 9. HP: 47/72 MP: 8/8
  6680 | D:7      | Reached skill level 5 in Fighting
  6775 | D:7      | Found a white marble altar of Elyvilon.
  6776 | D:7      | Found an iron altar of Okawaru.
  6784 | D:7      | Found an ancient bone altar of Kikubaaqudgha.
  6791 | D:7      | Became a worshipper of Warmaster Okawaru
  7022 | D:7      | Noticed tyrsky's ghost (novice MiFi)
  7032 | D:7      | Killed tyrsky's ghost
  7032 | D:7      | Reached * piety under Okawaru
  7032 | D:7      | Reached skill level 14 in Axes
  7032 | D:7      | Reached XP level 10. HP: 53/83 MP: 9/9
  7204 | D:7      | Found a deep blue altar of Sif Muna.
  7577 | D:8      | Got a faintly glowing scale mail
  7603 | D:8      | Found Wemmocan's Assorted Antiques.
  7604 | D:8      | Found a blossoming altar of Fedhas.
  8101 | D:8      | Identified the +1 scale mail of the New World {Str+7} (You found it on level 8 of the Dungeon)
  8437 | D:9      | Reached skill level 5 in Dodging
  8456 | D:9      | Reached ** piety under Okawaru
  8561 | D:9      | Noticed Erica
  8575 | D:9      | Killed Erica
  8575 | D:9      | Reached *** piety under Okawaru
  8629 | D:9      | Noticed a two-headed ogre
  8640 | D:9      | Killed a two-headed ogre
  8640 | D:9      | Reached skill level 15 in Axes
  8640 | D:9      | Reached XP level 11. HP: 30/95 MP: 10/10
  9127 | D:9      | Found a sacrificial altar of Ru.
  9377 | D:10     | Entered Level 10 of the Dungeon
  9656 | D:10     | Reached **** piety under Okawaru
  9814 | D:10     | Found a staircase to the Orcish Mines.
  9936 | D:10     | Found an iron altar of Okawaru.
 10122 | D:10     | Noticed a two-headed ogre
 10129 | D:10     | Killed a two-headed ogre
 10321 | Orc:1    | Entered Level 1 of the Orcish Mines
 10339 | Orc:1    | Noticed an orc knight
 10647 | Orc:1    | Killed an orc knight
 10647 | Orc:1    | Reached ***** piety under Okawaru
 10889 | Orc:1    | Reached skill level 10 in Armour
 10927 | Orc:1    | Found a roughly hewn altar of Beogh.
 10942 | Orc:1    | Noticed a two-headed ogre
 10950 | Orc:1    | Killed a two-headed ogre
 11112 | Orc:1    | Noticed an orc sorcerer
 11225 | Orc:1    | Killed an orc sorcerer
 11225 | Orc:1    | Reached skill level 10 in Fighting
 11434 | Orc:1    | Reached skill level 16 in Axes
 12076 | D:8      | Bought a distressingly furry plate armour for 756 gold pieces
 12086 | D:8      | Identified the +4 plate armour "Efery" {MR++} (You bought it in a shop on level 8 of the Dungeon)
 12349 | Orc:2    | Entered Level 2 of the Orcish Mines
 12365 | Orc:2    | Found Xaumeiri's Magic Scroll Shoppe.
 12365 | Orc:2    | Noticed an orc knight
 12388 | Orc:2    | Bought a scroll of identify for 28 gold pieces
 12388 | Orc:2    | Bought a scroll of identify for 28 gold pieces
 12914 | Orc:1    | Killed an orc knight
 13195 | Orc:2    | Found a staircase to the Elven Halls.
 13466 | Orc:2    | Reached XP level 12. HP: 78/107 MP: 11/11
 13876 | Orc:2    | Received a gift from Okawaru
 13894 | Orc:2    | Slain by a sixfirhy

Skill      XL: |  1  2  3  4  5  6  7  8  9 10 11 |
---------------+----------------------------------+-----
Axes           | 3 4 5 6 7 8 10 13 14 15 16 | 16.2
Dodging        | 1 2 3 4 5 7 |  7.2
Armour         | 5 7 9 10 | 10.7
Fighting       | 4 6 8 10 | 10.4
Shields        | |  3.6

Action                   |  1- 3 |  4- 6 |  7- 9 | 10-12 || total
-------------------------+-------+-------+-------+-------++-------
Melee: War axe           |    69 |   149 |       |       ||   218
       Headbutt          |     6 |    25 |    43 |    75 ||   149
       Battleaxe         |       |       |   214 |   421 ||   635
Evoke: Wand              |       |       |       |     3 ||     3
  Use: Potion            |       |     1 |     1 |    12 ||    14
       Scroll            |       |    17 |     7 |     6 ||    30
  Eat: Ration            |       |     3 |     3 |     7 ||    13
Armor: Scale mail        |    28 |    18 |       |       ||    46
       Chain mail        |       |    30 |   109 |   142 ||   281
       Plate armour      |       |       |       |   101 ||   101
Dodge: Dodged            |    22 |    40 |    83 |   222 ||   367
Block: Shield            |    53 |    82 |       |       ||   135
